 Dungeon Crawl Stone Soup version 0.31.0-32-g396128a36d (webtiles) character file.

Game seed: 5596119718278039823

259 Ijustatesigmund the Conjurer (level 6, -17/62 HPs)
             Began as an Oni Conjurer on Mar 14, 2024.
             Killed from afar by Ijyb (25 damage)
             ... with a bolt of acid
             ... on level 4 of the Dungeon.
             The game lasted 00:06:05 (4250 turns).

Ijustatesigmund the Conjurer (Oni Conjurer)         Turns: 4250, Time: 00:06:05

Health: -17/62     AC: -1    Str: 12    XL:     6   Next: 17%
Magic:  0/12       EV:  9    Int: 21    God:
Gold:   60         SH:  0    Dex:  7    Spells: 6/13 levels left

rFire   . . .        c - +0 flail
rCold   . . .        (no shield)
rNeg    . . .        a - +0 robe
rPois   .            (helmet restricted)
rElec   .            (no cloak)
rCorr   .            (gloves unavailable)
SInv    +            (boots unavailable)
Will    .....        (no amulet)
Stlth   +            f - ring of see invisible
HPRegen 0.30/turn    (no ring)
MPRegen 0.13/turn

%: no passive effects
@: corroded
A: large, unfitting armour, horns 1, tough skin 1, double potion healing,
drunken brawling
a: no special abilities


You were on level 4 of the Dungeon.
You visited 1 branch of the dungeon, and saw 4 of its levels.

You collected 130 gold pieces.
You spent 70 gold pieces at shops.

Inventory:

Hand Weapons
 c - a +0 flail (weapon)
Armour
 a - a +0 robe (worn)
Jewellery
 f - a ring of see invisible (left hand)
 m - a ring of ice
Wands
 d - a wand of charming (3)
Scrolls
 e - 2 scrolls of enchant weapon {unknown}
 g - a scroll of brand weapon {unknown}
 i - a scroll of enchant armour {unknown}
 o - a scroll of teleportation
Potions
 b - 2 potions of magic
 h - a potion of mutation
 k - 2 potions of haste
 l - a potion of attraction
 n - a potion of resistance {unknown}


   Skills:
 + Level 3.9 Fighting
 + Level 2.2 Maces & Flails
 - Level 1.7 Dodging
 - Level 1.4 Stealth
 + Level 4.1 Spellcasting
 - Level 4.1 Conjurations
 + Level 1.7 Translocations


You had 6 spell levels left.
You knew the following spells:

 Your Spells              Type           Power      Damage    Failure   Level
a - Magic Dart            Conj           84%        1d7       2%          1
b - Searing Ray           Conj           42%        2d6       3%          2
c - Iskenderun's Mystic   Conj/Tloc      16%        2d5       34%         4

Your spell library contained the following spells:

 Spells                   Type           Power      Damage    Failure   Level
 Sting                    Conj/Alch      48%        1d6       5%          1
 Apportation              Tloc           22%        N/A       6%          1
 Necrotise                Necr           16%        1d4       12%         1
 Summon Small Mammal      Summ           16%        N/A       12%         1
 Ensorcelled Hibernation  Hex/Ice        8%         N/A       19%         2
 Jinxbite                 Hex            8%         N/A       19%         2
 Mercury Vapours          Alch/Air       8%         N/A       19%         2
 Mephitic Cloud           Conj/Alch/Air  10%        N/A       21%         3
 Passwall                 Erth           4%         N/A       34%         3
 Swiftness                Air            4%         N/A       34%         3
 Vampiric Draining        Necr           4%         2d6       34%         3
 Fulminant Prism          Conj/Alch      6%         3d7       45%         4
 Martyr's Knell           Necr/Summ      4%         N/A       75%         4
 Olgreb's Toxic Radiance  Alch           4%         N/A       75%         4
 Freezing Cloud           Conj/Ice/Air   5%         6-21      88%         5
 Alistair's Intoxication  Alch           2%         N/A       97%         5
 Curse of Agony           Necr           4%         N/A       97%         5
 Summon Cactus Giant      Summ           2%         N/A       100%        6
 Dragon's Call            Summ           2%         N/A       100%        9


Dungeon Overview and Level Annotations

Branches:
Dungeon (4/15)
 Temple: D:4-7

Altars:
Makhleb
Trog

Shops:
D:3 (   D:4 **

Annotations:
D:4 Ijyb


Innate Abilities, Weirdness & Mutations

You are too large for most types of armour.
You have a pair of small horns on your head.
You have tough skin. (AC +1)
You gain doubled healing and magic from potions.
Whenever you drink a healing potion, you attack all around you.


Message History

Ijyb is lightly wounded.
Casting: Magic Dart (safe; 2% risk of failure)
Confirm with . or Enter, or press ? or * to list all spells.
Aiming: Magic Dart (safe; 2% risk of failure)
Press: ? - help, Shift-Dir - straight line, f/p - Ijyb
Aim: Ijyb, wielding a +0 dagger, wearing a +0 leather armour and carrying a wand of acid (lightly wounded, 100% to hit)
The magic dart hits Ijyb.
Ijyb is moderately wounded.
Ijyb zaps a wand.
The bolt of acid hits you!
Casting: Magic Dart (safe; 2% risk of failure)
Confirm with . or Enter, or press ? or * to list all spells.
Aiming: Magic Dart (safe; 2% risk of failure)
Press: ? - help, Shift-Dir - straight line, f/p - Ijyb
Aim: Ijyb, wielding a +0 dagger, wearing a +0 leather armour and carrying a wand of acid (moderately wounded, 100% to hit)
The magic dart hits Ijyb but does no damage.
Ijyb is moderately wounded.
Ijyb zaps a wand.
The bolt of acid misses you.
Casting: Magic Dart (safe; 2% risk of failure)
Confirm with . or Enter, or press ? or * to list all spells.
Aiming: Magic Dart (safe; 2% risk of failure)
Press: ? - help, Shift-Dir - straight line, f/p - Ijyb
Aim: Ijyb, wielding a +0 dagger, wearing a +0 leather armour and carrying a wand of acid (moderately wounded, 100% to hit)
The magic dart hits Ijyb but does no damage.
Ijyb is moderately wounded.
Casting: Magic Dart (safe; 2% risk of failure)
Confirm with . or Enter, or press ? or * to list all spells.
Aiming: Searing Ray (safe; 3% risk of failure)
Press: ? - help, Shift-Dir - straight line, f/p - Ijyb
Aim: Ijyb, wielding a +0 dagger, wearing a +0 leather armour and carrying a wand of acid (moderately wounded, 72% to hit)
The searing ray misses Ijyb. (Press . to maintain the ray.)
The searing ray hits Ijyb.
Ijyb is moderately wounded.
Ijyb screams, "I dance on your bones!"
Ijyb zaps a wand.
The bolt of acid hits you!! The acid corrodes you!
The searing ray misses Ijyb.
Ijyb zaps a wand.
The bolt of acid hits you!!
* * * LOW HITPOINT WARNING * * *
Without enough magic to sustain it, your searing ray dissipates.
Ijyb zaps a wand.
The bolt of acid hits you!!
You die...

###########. !.
#....##..... ...
##.......... ....
##......### ....#
##.....### ...†.##
##......##
.....†.#####.)......#
......g.##....##.>..##
.......@.....###.....#
............## ##....###
.............# #....#.
..............####......
#......###.........###.....
#....## ##........[.##..)##
##...# #...............##
#.....# ##........##....##
#......##.......# ##...#


You could see Ijyb.

Vanquished Creatures
  An orc priest (D:4)
  Jessica (D:3)
  2 iguanas (D:4)
  2 orc wizards (D:4)
  An adder (D:4)
  4 dart slugs
  6 orcs
  7 bats
  6 endoplasms
  5 giant cockroaches
  7 goblins
  11 hobgoblins
  A jackal (D:1)
  2 quokkas
  4 ball pythons
  3 frilled lizards
  6 kobolds
  7 rats
76 creatures vanquished.

Notes
Turn   | Place    | Note
-------+----------+-------------------------------------------
     0 | D:1      | Ijustatesigmund the Oni Conjurer began the quest for the
                  | Orb.
     0 | D:1      | Reached XP level 1. HP: 16/16 MP: 3/3
   410 | D:1      | Reached skill level 1 in Fighting
   457 | D:1      | Reached XP level 2. HP: 27/27 MP: 2/5
   851 | D:1      | Reached XP level 3. HP: 31/35 MP: 0/7
   854 | D:1      | Learned a level 2 spell: Searing Ray
  1760 | D:2      | Got Mnoleg's Compilation of the Commander
  2417 | D:3      | Reached XP level 4. HP: 44/44 MP: 5/8
  2431 | D:3      | Learned a level 4 spell: Iskenderun's Mystic Blast
  2549 | D:3      | Found Gill's Weapon Shop.
  2550 | D:3      | Noticed Jessica
  2553 | D:3      | Killed Jessica
  2554 | D:3      | Reached skill level 1 in Maces & Flails
  2949 | D:4      | Reached XP level 5. HP: 15/53 MP: 0/10
  3097 | D:4      | Reached skill level 1 in Translocations
  3252 | D:4      | Found Gadoemma's General Store.
  3326 | D:4      | Found Atieqewo's Specific Store.
  3334 | D:4      | Bought a scroll of teleportation for 42 gold pieces
  3334 | D:4      | Bought a scroll of identify for 28 gold pieces
  3523 | D:4      | Found a burning altar of Makhleb.
  3588 | D:4      | Reached XP level 6. HP: 62/62 MP: 7/12
  3651 | D:4      | Noticed Ijyb
  4210 | D:4      | Found a bloodstained altar of Trog.
  4250 | D:4      | Killed from afar by Ijyb

Illustrated notes

Levels and vault maps discovered:
D:1:      onia_arrival_mini_maze_b, layout_basic
D:2:      layout_loops_ring, minmay_misc_feat_room
D:3:      layout_rooms, serial_shops, nicolae_shop_trees,
          small_statue_intersection, hangedman_decor_push, serial_bayou_pond_b,
          dk_vineyard_2, uniq_jessica
D:4:      layout_layer_cave, nicolae_overflow_hidden_temple,
          nicolae_specific_store, uniq_grinder, uniq_ijyb

Skill      XL: |  1  2  3  4  5 |
---------------+----------------+-----
Fighting       | 1 2 3 |  3.9
Spellcasting   | 3 4 |  4.1
Conjurations   | 4 |  4.1
Maces & Flails | 1 2 |  2.2
Translocations | 1 |  1.7
Dodging        | |  1.7
Stealth        | |  1.4

Action                     |  1- 3 |  4- 6 || total
---------------------------+-------+-------++-------
  Melee: Dagger            |     2 |       ||     2
         Spear             |    10 |       ||    10
         Headbutt          |     4 |     2 ||     6
         Short sword       |       |    18 ||    18
         Punch             |       |     1 ||     1
         Flail             |       |     1 ||     1
   Cast: Magic Dart        |    81 |    61 ||   142
         Searing Ray       |       |     5 ||     5
    Use: Scroll            |       |     3 ||     3
   Stab: Sleeping          |       |     1 ||     1
 Armour: Robe              |     9 |    45 ||    54
  Dodge: Dodged            |    18 |    17 ||    35
